 Dungeon Crawl Stone Soup version 0.31-a0-303-gdc8c9485ea (webtiles) character file.

Game seed: 10655560521478931117

483 Gelion the Ruffian (level 6, -4/61 HPs)
             Began as a Troll Shapeshifter on July 16, 2023.
             Shot with an arrow by a centaur (10 damage)
             ... on level 5 of the Dungeon.
             The game lasted 00:07:50 (2695 turns).

Gelion the Ruffian (Troll Shapeshifter)             Turns: 2695, Time: 00:07:51

Health: -4/61      AC:  5    Str: 30      XL:     6   Next: 87%
Magic:  5/5        EV: 10    Int:  4 (7)  God:
Gold:   94         SH:  0    Dex: 16      Spells: 5/5 levels left

rFire   . .          .
                       - Unarmed
rCold   . . .        (no shield)
rNeg    . . .        a - +1 animal skin
rPois   .            (helmet currently unavailable)
rElec   .            (cloak currently unavailable)
rCorr   .            (gloves unavailable)
SInv    .            (boots unavailable)
Will    .....        (no amulet)
Stlth   +            n - ring of Ynouvyri {Str+6 Int+3 Dex+4}
HPRegen 1.10/turn    k - ring of flight
MPRegen 0.09/turn

%: no passive effects
@: beast-form, flying
A: beast (slay +3), large, unfitting armour, claws 3, regeneration 1, shaggy fur
1, tough skin 1
a: Begin Untransformation


You were on level 5 of the Dungeon.
You were a hulking beast.
You visited 1 branch of the dungeon, and saw 5 of its levels.

You collected 94 gold pieces.

Inventory:

Missiles
 d - 6 javelins
Armour
 a - a +1 animal skin (worn)
Jewellery
 k - a ring of flight (right claw)
 n - the ring of Ynouvyri (left claw) {Str+6 Int+3 Dex+4}
   (You found it on level 3 of the Dungeon)

   [ring of strength]

   Str:       It affects your strength (+6).
   Int:       It affects your intelligence (+3).
   Dex:       It affects your dexterity (+4).
Talismans
 c - a beast talisman
Wands
 i - a wand of paralysis (15)
Scrolls
 g - 2 scrolls of fog
 l - 2 scrolls of enchant armour
Potions
 b - a potion of lignification
 e - 2 potions of mutation
 j - a potion of curing
 m - 2 potions of ambrosia
 o - a potion of resistance


   Skills:
 + Level 3.0 Fighting
 - Level 1.5 Dodging
 * Level 4.9 Unarmed Combat
 * Level 4.8 Shapeshifting


You had 5 spell levels left.
You didn't know any spells.
Your spell library contained the following spells:

 Spells                   Type           Power      Damage    Failure   Level
 Ensorcelled Hibernation  Hex/Ice        0%         N/A       65%         2
 Passwall                 Tmut/Erth      0%         N/A       65%         2
 Swiftness                Air            0%         N/A       86%         3


Dungeon Overview and Level Annotations

Branches:
Dungeon (5/15)
 Temple: D:4-7

Altars:
Elyvilon

Annotations:
D:5 Edmund


Innate Abilities, Weirdness & Mutations

You are a hulking beast.
Your limbs bulge with bestial killing power. (Slay +3)
You are too large for most types of armour.
You have claws for hands.
Your natural rate of healing is unusually fast.
You are covered in fur. (AC +1)
You have tough skin. (AC +1)


Message History

You claw the gnoll!
You kill the gnoll!
The gnoll hits you with a +0 spear.
* * * LOW HITPOINT WARNING * * *
You closely miss the gnoll. The gnoll hits you with a +0 spear.
* * * LOW HITPOINT WARNING * * *
You mangle the gnoll!!
You kill the gnoll!
You feel your dexterity returning.
Things that are here:
a +0 spear; a gnoll corpse
Things that are here:
a +0 spear; a gnoll corpse
d - 6 javelins (gained 1)
Things that are here:
a +0 halberd; a gnoll corpse HP restored.
Found a stone staircase leading down.
Okay, then.
Search for what [? for help]? stone
Found an orcbow.
Found a white marble altar of Elyvilon.
Edmund the Younger comes into view.
He is wielding a +2 flail of protection.
Edmund shouts!
You hear a shout!
A centaur comes into view.
Edmund says, "People accused me of being a cutpurse!"
The centaur wields a +0 orcbow.
The centaur shoots an arrow.
The arrow closely misses you.
The centaur shoots an arrow.
The arrow hits you.
The centaur shoots an arrow.
The arrow hits you!
The centaur shoots an arrow.
The arrow hits you!
The centaur shoots an arrow.
The arrow hits you!
The centaur shoots an arrow.
The arrow barely misses you.
The centaur shoots an arrow.
The arrow hits you!
* * * LOW HITPOINT WARNING * * *
The centaur shoots an arrow.
The arrow hits you!
* * * LOW HITPOINT WARNING * * *
There is a stone staircase leading up, spattered with blood here.
The centaur shoots an arrow.
The arrow hits you!
You die...

##.#....###.##♣.....⌠♣
##........##.#♣......♣#
##............#♣.....♣#
##.............#♣.....♣
##..............#♣.....♣
##...............##♣....♣
##.................#♣....♣
##.##........)...)..##♣...♣#
#.###........)).h....#♣♣...♣#
..#
##.....[.........###♣♣..♣####
.##
##................###♣......
o#
##...............c@###.....
.# #..............##.......#.
.# ##............####........
†# ###.........## #........
.# ##........# #)....>... .#
##......## #......c...


You could see a centaur.

Vanquished Creatures
  An orc warrior (D:4)
  A scorpion (D:4)
  A hound (D:5)
  A jelly (D:5)
  An orc priest (D:5)
  Jessica (D:2)
  An iguana (D:4)
  4 gnolls
  7 adders
  4 worms (D:2)
  4 dart slugs
  4 orcs
  3 bats
  4 endoplasms
  A giant cockroach (D:4)
  4 goblins
  8 hobgoblins
  8 jackals
  3 kobolds
  5 ball pythons
  3 frilled lizards
  3 rats
72 creatures vanquished.

Notes
Turn   | Place    | Note
-------+----------+-------------------------------------------
     0 | D:1      | Gelion the Troll Shapeshifter began the quest for the Orb.
     0 | D:1      | Reached XP level 1. HP: 19/19 MP: 0/0
    85 | D:1      | Found a faded altar of an unknown god.
   421 | D:1      | Reached XP level 2. HP: 28/28 MP: 1/1
   721 | D:2      | Reached XP level 3. HP: 35/35 MP: 2/2
   922 | D:2      | Noticed Jessica
   928 | D:2      | Killed Jessica
   929 | D:2      | Reached XP level 4. HP: 37/42 MP: 3/3
  1550 | D:3      | Identified the ring of Ynouvyri {Str+6 Int+3 Dex+4}
  1774 | D:4      | Noticed a scorpion
  1784 | D:4      | Killed a scorpion
  1785 | D:4      | Reached XP level 5. HP: 49/50 MP: 4/4
  2270 | D:5      | Entered Level 5 of the Dungeon
  2403 | D:5      | Reached XP level 6. HP: 59/59 MP: 5/5
  2470 | D:5      | Noticed an orc warrior
  2518 | D:4      | Killed an orc warrior
  2662 | D:5      | Found a white marble altar of Elyvilon.
  2681 | D:5      | Noticed Edmund
  2695 | D:5      | Shot with an arrow by a centaur

Illustrated notes

Levels and vault maps discovered:
D:1:      nicolae_arrival_washed_ashore, layout_basic,
          shapermc_ecumenical_altar_mp_urbaneastern
D:2:      layout_loops_ring, uniq_jessica
D:3:      layout_rooms, minmay_cut_off
D:4:      layout_rooms, serial_glass, glass_columns_b, glass_columns_c,
          glass_columns_c, glass_columns_c, glass_columns_a, glass_columns_a,
          glass_columns_b, glass_columns_b
D:5:      layout_cave_pods, kennysheep_ying_yang, minmay_temple_entry_offerings,
          serial_shops, shop, uniq_edmund

Skill      XL: |  1  2  3  4  5  6 |
---------------+-------------------+-----
Fighting       | 2 3 |  3.0
Unarmed Combat | 3 4 |  4.9
Shapeshifting  | 4 |  4.8
Dodging        | |  1.5

Action                     |  1- 3 |  4- 6 || total
---------------------------+-------+-------++-------
  Melee: Unarmed           |    51 |   129 ||   180
         Punch             |       |     6 ||     6
  Throw: Javelin           |       |     1 ||     1
    Use: Scroll            |       |     7 ||     7
         Potion            |       |     2 ||     2
 Armour: Animal skin       |    12 |    43 ||    55
  Dodge: Dodged            |    17 |    62 ||    79

Table legend: (Time is in decaauts)
 A = Elapsed time spent in this place.
 B = Non-inter-level travel time spent in this place.
 C = Inter-level travel time spent in this place.
 D = Time resting spent in this place.
 E = Time spent auto-exploring this place.
 F = Levels seen in this place.
 G = Mean time per level.
                   A        B        C        D        E       F      G
               +--------+--------+--------+--------+--------+-----+--------+
         Total |   2682 |   2547 |    135 |     44 |   2001 |   5 |  536.4 |
       Dungeon |   2682 |   2547 |    135 |     44 |   2001 |   5 |  536.4 |
               +--------+--------+--------+--------+--------+-----+--------+

Top non-repeatable levels by time:
     D:2: 669 daAuts
     D:1: 657 daAuts
     D:4: 570 daAuts
     D:3: 435 daAuts
     D:5: 350 daAuts
